 Dungeon Crawl Stone Soup version 0.22-a0-149-g870e420 (webtiles) character file.

474 sankara the Changer (level 6, -7/47 HPs)
             Began as a Draconian Transmuter on Feb 7, 2018.
             Was an Initiate of Ru.
             Shot with an arrow by a centaur (14 damage)
             ... on level 4 of the Dungeon.
             The game lasted 00:14:27 (4271 turns).

sankara the Changer (Draconian Transmuter)          Turns: 4271, Time: 00:14:27

Health: -7/47      AC:  2    Str: 13    XL:     6   Next: 84%
Magic:  4/18       EV: 19    Int: 14    God:    Ru [......]
Gold:   158        SH:  0    Dex: 17    Spells: 3/9 levels left

rFire    . . .     SeeInvis .     - Unarmed
rCold    . . .     Gourm    .   (shield currently unavailable)
rNeg     . . .     Faith    .   (armour unavailable)
rPois    x         Spirit   .   (helmet currently unavailable)
rElec    .         Reflect  .   (cloak currently unavailable)
rCorr    .         Harm     .   (gloves currently unavailable)
MR       +....                  (boots currently unavailable)
Stlth    ++........             (no amulet)
HPRegen  0.15/turn              s - ring of protection from magic
MPRegen  0.16/turn              v - ring of magical power

@: spider-form, very slightly contaminated
A: tiny, unfitting armour, AC +6
a: End Transformation, Renounce Religion


You were on level 4 of the Dungeon.
You worshipped Ru.
Ru was noncommittal.
You were not hungry.
You were a venomous arachnid creature.
You visited 1 branch of the dungeon, and saw 4 of its levels.

You collected 158 gold pieces.

Inventory:

Hand Weapons
 b - a +3 hunting sling (melded)
 d - a +0 dagger
Missiles
 a - 8 arrows
 e - 22 sling bullets
 g - 61 stones
 m - 6 javelins (quivered)
 p - 16 poisoned needles
 r - 4 tomahawks
Armour
 B - a +0 pair of gloves (melded)
Jewellery
 s - a ring of protection from magic (left front leg)
 v - a ring of magical power (right front leg)
 A - a +3 ring of strength
 C - an uncursed ring of see invisible
Wands
 q - a wand of enslavement (9)
Scrolls
 h - 2 scrolls of fear {unknown}
 i - a scroll of noise {unknown}
 k - 5 scrolls of identify {unknown}
 o - 2 scrolls of teleportation {unknown}
 u - a scroll of enchant weapon {unknown}
 w - 2 scrolls of fog {unknown}
 y - 2 scrolls of remove curse {unknown}
Potions
 f - 3 potions of heal wounds
 l - a potion of agility
 x - a potion of curing
Books
 t - a book of Changes

   Spells                             Type                      Level
   a - Beastly Appendage              Transmutation                1
   b - Sticks to Snakes               Transmutation                2
   c - Spider Form                    Transmutation/Poison         3
   d - Ice Form                       Ice/Transmutation            4
   e - Blade Hands                    Transmutation                5
Comestibles
 c - 3 rations
 j - a chunk of flesh


   Skills:
 - Level 1.1 Fighting
 - Level 1.7 Dodging
 + Level 5.3 Unarmed Combat
 - Level 2.0 Spellcasting
 + Level 5.5 Transmutations
 - Level 2.0 Poison Magic


You had 3 spell levels left.
You knew the following spells:

 Your Spells              Type           Power        Failure   Level  Hunger
a - Beastly Appendage     Tmut           ###...       10%         1    ##.....
b - Sticks to Snakes      Tmut           ###.....     12%         2    ###....
c - Spider Form           Tmut/Pois      ##........   34%         3    ####...


Dungeon Overview and Level Annotations

Branches:
Dungeon (4/15)
 Temple: D:4-7

Altars:
Ru
Trog
Wu Jian

Shops:
D:4 *

Annotations:
D:4 PeterMcNeter's ghost, novice GrFi


Innate Abilities, Weirdness & Mutations

((Your plain brown scales are hard. (AC +6)))
You cannot fit into any form of body armour.
((You are cold-blooded and may be slowed by cold attacks.))


Message History

* * * LOW HITPOINT WARNING * * *
You see here an arrow.
Your transformation is almost over.
Casting: Sticks to Snakes (safe; 3% risk of failure)
Confirm with . or Enter, or press ? or * to list all spells.
You create a snake!
You now have 8 arrows.
Casting: Sticks to Snakes (safe; 3% risk of failure)
Confirm with . or Enter, or press ? or * to list all spells.
You miscast Spider Form.
You are very lightly contaminated with residual magic.
You feel a strange surge of energy!
The centaur shoots an arrow.
The arrow hits you but does no damage.
Your ball python bites the centaur.
Casting: Spider Form (safe; 16% risk of failure)
Confirm with . or Enter, or press ? or * to list all spells.
Your talons disappear.
You turn into a venomous arachnid creature.
Your +3 hunting sling melds into your body.
Your +0 pair of gloves melds into your body.
The centaur shoots an arrow.
The arrow hits you!
You die...

### ##..... #. ..#.##.....
#.. ###.#.##..... #.. .....
#..... #.
#.########.####..... #.
#.##...............# .####.
#.#...........####.#
......####.##..##...##.......
..........S(s.##.....##......
......)###c####.......#......
...c.c..##.# ##.....÷.###...#
#S##(# #.........##...#
..###..#c# #.........##...#
.........l######.......#...#
...####...##⌠..####....#....
# ##..##......#....#.#.#
...##......##...#....


You could see a centaur and a friendly ball python.

Vanquished Creatures
  A phantom (D:4)
  A scorpion (D:4)
  A hound (D:4)
  An orc priest (D:4)
  2 orc wizards (D:4)
  4 worker ants (D:4)
  4 adders
  A gnoll (D:1)
  2 oozes (D:3)
  3 worms (D:3)
  3 dart slugs (D:1)
  2 leopard geckos (D:1)
  6 orcs
  8 bats
  5 giant cockroaches
  3 goblins
  4 hobgoblins
  4 jackals (D:3)
  A quokka (D:4)
  2 frilled lizards (D:3)
  3 kobolds
  5 rats
66 creatures vanquished.

Vanquished Creatures (collateral kills)
  An adder (D:4)
  A leopard gecko (D:4)
  2 orcs (D:4)
4 creatures vanquished.

Grand Total: 70 creatures vanquished

Notes
Turn   | Place    | Note
-------+----------+-------------------------------------------
     0 | D:1      | sankara the Draconian Transmuter began the quest for the Orb.
     0 | D:1      | Reached XP level 1. HP: 16/16 MP: 3/3
   143 | D:1      | Reached XP level 2. HP: 23/23 MP: 3/5
   147 | D:1      | Learned a level 2 spell: Sticks to Snakes
   643 | D:1      | Reached XP level 3. HP: 20/28 MP: 4/6
   648 | D:1      | Learned a level 3 spell: Spider Form
  1391 | D:2      | Found an ornate altar of the Wu Jian Council.
  1393 | D:2      | Found a bloodstained altar of Trog.
  1980 | D:3      | Reached XP level 4. HP: 33/35 MP: 5/7
  2168 | D:3      | Found a sacrificial altar of Ru.
  2192 | D:3      | Became a worshipper of Ru the Awakened
  2809 | D:4      | Noticed a phantom
  2833 | D:4      | Killed a phantom
  2833 | D:4      | Reached XP level 5. HP: 12/40 MP: 6/8
  3278 | D:4      | Found Raebbyps's General Store.
  3430 | D:4      | Reached skill level 5 in Transmutations
  3430 | D:4      | Reached skill level 1 in Poison Magic
  3430 | D:4      | Reached XP level 6. HP: 45/47 MP: 9/9
  3538 | D:4      | Reached skill level 5 in Unarmed Combat
  3722 | D:4      | Noticed PeterMcNeter's ghost (novice GrFi)
  4271 | D:4      | Shot with an arrow by a centaur

Vault maps used:
D:1:      dpeg_arrival_oval
D:2:      nicolae_overflow_hidden_temple, serial_curves, eino_curves_02,
          eino_curves_02, kennysheep_generic_room_9
D:3:      wad_river_or_something, nicolae_ru_sacrificial_ziggurat
D:4:      kennysheep_spiral_hall, serial_shops, shop, first_ration,
          grunt_nemelex_the_gamble

Skill      XL: |  1  2  3  4  5  6 |
---------------+-------------------+-----
Transmutations | 3 4 5 |  5.5
Unarmed Combat | 4 5 |  5.3
Poison Magic   | 1 2 |  2.0
Fighting       | |  1.1
Dodging        | |  1.7
Spellcasting   | |  2.0

Action                   |  1- 3 |  4- 6 || total
-------------------------+-------+-------++-------
Melee: Unarmed           |    58 |    75 ||   133
       Kick              |     7 |     2 ||     9
       Tailslap          |     6 |     2 ||     8
       Headbutt          |     2 |     1 ||     3
       Punch             |     2 |       ||     2
 Fire: Hunting sling     |    25 |    53 ||    78
 Cast: Beastly Appendage |    16 |     3 ||    19
       Sticks to Snakes  |     1 |    24 ||    25
       Spider Form       |       |    14 ||    14
  Use: Potion            |       |     5 ||     5
 Stab: Distracted        |       |     1 ||     1
  Eat: Chunk             |     4 |     4 ||     8
       Ration            |       |     2 ||     2
Armor: Skin              |    31 |    14 ||    45
Dodge: Dodged            |    57 |    75 ||   132

Table legend:
 A = Spawn XP
 B = Non-spawn XP
 C = Spawn XP percentage of total XP
 D = Spawn monster count
 E = Non-spawn monster count
 F = Spawn count percentage of total count
 G = Total turns spent on level
                    A         B        C        D         E        F      G
               +---------+---------+-------+---------+---------+-------+---------
         Total |       0 |     678 |   0.0 |       0 |      70 |   0.0 |  4271
               +---------+---------+-------+---------+---------+-------+---------
           D:1 |       0 |      45 |   0.0 |       0 |      15 |   0.0 |  1001
           D:2 |       0 |      21 |   0.0 |       0 |       7 |   0.0 |   733
           D:3 |       0 |      86 |   0.0 |       0 |      26 |   0.0 |  1349
           D:4 |       0 |     526 |   0.0 |       0 |      22 |   0.0 |  1188
               +---------+---------+-------+---------+---------+-------+---------
